 Dungeon Crawl Stone Soup version 0.21-a0-273-g0785366 (webtiles) character file.

72 vishdafish the Chucker (level 4, -1/63 HPs)
             Began as a Troll Hunter on Sept 17, 2017.
             Slain by an adder (2 damage)
             ... on level 1 of the Dungeon.
             The game lasted 00:03:53 (1195 turns).

vishdafish the Chucker (Troll Hunter)               Turns: 1195, Time: 00:03:53

Health: -1/63      AC: 22    Str: 20    XL:     4   Next: 7%
Magic:  3/3        EV:  1    Int:  7    God:
Gold:   74         SH:  0    Dex: 11    Spells: 3/3 levels left

rFire    . . .     SeeInvis .   j - +0 mace
rCold    . . .     Gourm    +   (no shield)
rNeg     + + +     Faith    .   (armour currently unavailable)
rPois    +         Spirit   .   (helmet currently unavailable)
rElec    .         Reflect  .   (cloak currently unavailable)
rCorr    .         Harm     .   (gloves unavailable)
MR       .....     NoTele   +   (boots unavailable)
Stlth    +.........             (no amulet)
HPRegen  0.60/turn              (no ring)
MPRegen  0.08/turn              (no ring)

@: lethally poisoned (-1 -> -10), tree-form, hasted, very quick
A: unfitting armour, fast metabolism 3, gourmand, regeneration 1
a: no special abilities


You were on level 1 of the Dungeon.
You were very full.
You were a tree.
You visited 1 branch of the dungeon, and saw 2 of its levels.

You collected 74 gold pieces.

Inventory:

Hand Weapons
 a - a +0 short sword
 j - a +0 mace (weapon)
Missiles
 c - 5 large rocks (quivered)
 d - 2 throwing nets
 h - 6 tomahawks
Armour
 b - a +0 robe (melded)
Scrolls
 e - a scroll of blinking {unknown}
 g - a scroll of immolation {unknown}
 i - a scroll of enchant weapon {unknown}
 l - 3 scrolls of teleportation {unknown}
 m - a scroll of amnesia {unknown}
 n - a scroll of identify {unknown}
Comestibles
 f - 6 bread rations
 r - 2 chunks of flesh


   Skills:
 + Level 2.3 Fighting
 * Level 1.4 Maces & Flails
 * Level 4.1 Throwing
 + Level 1.9 Dodging
 - Level 0.3 Stealth


You had 3 spell levels left.
You didn't know any spells.

Dungeon Overview and Level Annotations

Branches:
Dungeon (2/15)

Altars:


Innate Abilities, Weirdness & Mutations

You are too large for most types of armour.
((You have claws for hands.))
Your metabolism is lightning-fast.
You like to eat raw meat.
Your natural rate of healing is unusually fast.
((You are covered in fur. (AC +1)))
((You have very tough skin. (AC +2)))


Message History

* * * LOW HITPOINT WARNING * * *
The adder bites you.
* * * LOW HITPOINT WARNING * * *
You are lethally poisoned!
The adder poisons you!
It was a potion of flight.
You feel very buoyant.
You fly up into the air.
* * * LOW HITPOINT WARNING * * *
You feel sick. The adder bites you.
* * * LOW HITPOINT WARNING * * *
The adder bites you.
* * * LOW HITPOINT WARNING * * *
You are more poisoned.
The adder poisons you!
It was a potion of lignification.
You turn into a tree.
Your +0 robe melds into your body.
Your roots penetrate the ground.
* * * LOW HITPOINT WARNING * * *
You feel sick. The adder bites you but does no damage. The adder bites you.
You die...

#............#..........##
#............#............
#............#...####.....
#...................'.....
#.......#.....#....##.....
#.............#...........
#............##...........
#.......S.......###.....##
#######>S♣................
#####............(.....#
#..........)...........#
##.....................##
#...[...............#....
#......##...###.....#....
#......##...# #.[...#....
#...........# ##...##....
#.........### #...##....


You could see 2 adders.

Vanquished Creatures
  Terence (D:2)
  2 adders
  A worm (D:2)
  A giant cockroach (D:1)
  3 goblins
  4 hobgoblins
  2 jackals (D:1)
  3 bats
  3 frilled lizards (D:1)
  4 kobolds
  5 rats
29 creatures vanquished.

Notes
Turn   | Place    | Note
-------+----------+-------------------------------------------
     0 | D:1      | vishdafish the Troll Hunter began the quest for the Orb.
     0 | D:1      | Reached XP level 1. HP: 19/19 MP: 0/0
   340 | D:1      | Reached XP level 2. HP: 28/28 MP: 1/1
   936 | D:2      | Reached skill level 1 in Maces & Flails
   936 | D:2      | Reached XP level 3. HP: 27/35 MP: 2/2
   946 | D:2      | Reached skill level 4 in Throwing
  1083 | D:2      | Noticed Terence
  1117 | D:2      | Killed Terence
  1117 | D:2      | Reached XP level 4. HP: 42/42 MP: 3/3
  1194 | D:1      | HP: 2/42 [adder (1)]
  1195 | D:1      | Slain by an adder

Vault maps used:
D:1:      evilmike_arrival_rings
D:2:      first_bread, uniq_terence, uniq_natasha

Skill      XL: |  1  2  3 |
---------------+----------+-----
Fighting       | 2 |  2.3
Maces & Flails | 1 |  1.4
Throwing       | 4 |  4.1
Dodging        | |  1.9
Stealth        | |  0.3

Action                   |  1- 3 |  4- 6 || total
-------------------------+-------+-------++-------
Melee: Mace              |    81 |    20 ||   101
       Short sword       |    21 |       ||    21
  Use: Potion            |       |     4 ||     4
  Eat: Chunk             |    10 |     2 ||    12
       Bread ration      |     1 |       ||     1
Armor: Robe              |    71 |    11 ||    82
       Skin              |       |     1 ||     1
Dodge: Dodged            |    86 |    18 ||   104

Table legend:
 A = Spawn XP
 B = Non-spawn XP
 C = Spawn XP percentage of total XP
 D = Spawn monster count
 E = Non-spawn monster count
 F = Spawn count percentage of total count
 G = Total turns spent on level
                    A         B        C        D         E        F      G
               +---------+---------+-------+---------+---------+-------+---------
         Total |       0 |     104 |   0.0 |       0 |      29 |   0.0 |  1195
               +---------+---------+-------+---------+---------+-------+---------
           D:1 |       0 |      33 |   0.0 |       0 |      14 |   0.0 |   922
           D:2 |       0 |      71 |   0.0 |       0 |      15 |   0.0 |   273
               +---------+---------+-------+---------+---------+-------+---------
